NCAA
KANSAS STATE WILDCATS @ LOUISIANA STATE TIGERS
05/13/2023
 
TOP OF THE 1ST
Kansas State Wildcats batting - Pitching for Louisiana State Tigers : RHP Alfredo Montalvo
Pitching: RHP Alfredo Montalvo
Batting: RHB Bill Jordan 0-0: Ball
1-0: Foul Ball, location: 2F
1-1: Swinging Strike
1-2: Ground out 5-3 (Groundball, 5)
Batting: SHB Don Pittman 0-0: Called Strike
0-1: Ball
1-1: Ball
2-1: Swinging Strike
2-2: Fly out, F9 (Flyball, 9LM)
Batting: LHB Tony Smith 0-0: Called Strike
0-1: Ball
1-1: Ground out 6-3 (Groundball, 6M)
Top of the 1st over - 0 run(s), 0 hit(s), 0 error(s), 0 left on base; Kansas State 0 - Louisiana State 0
BOTTOM OF THE 1ST
Louisiana State Tigers batting - Pitching for Kansas State Wildcats : RHP Frank Warren
Pitching: RHP Frank Warren
Batting: RHB Clint Younger 0-0: Ball
1-0: Fly out, F8 (Line Drive, 8LM)
Batting: RHB Ashton Mitchell 0-0: Ball
1-0: Ball
2-0: Ball
3-0: Called Strike
3-1: Base on Balls
Batting: RHB Mike O'Brien 0-0: Ball
1-0: Ball
2-0: Ball
3-0: Called Strike
3-1: Base on Balls
Ashton Mitchell to second
Batting: RHB Chris McBride 0-0: Called Strike
0-1: Foul Ball, location: 2F
0-2: Fly out, F8 (Flyball, 89M)
Batting: LHB Steve Sanderson 0-0: Ball
1-0: Ball
2-0: Called Strike
2-1: Foul Ball, location: 2F
2-2: Fly out, F7 (Flyball, 7LMF)
Bottom of the 1st over - 0 run(s), 0 hit(s), 0 error(s), 2 left on base; Kansas State 0 - Louisiana State 0
TOP OF THE 2ND
Kansas State Wildcats batting - Pitching for Louisiana State Tigers : RHP Alfredo Montalvo
Batting: LHB Kyle Harrison 0-0: Called Strike
0-1: Swinging Strike
0-2: Ball
1-2: Fly out, F8 (Flyball, 8LD)
Batting: RHB David Hernández 0-0: Ground out 5-3 (Groundball, 56)
Batting: RHB John Wilson 0-0: Ball
1-0: Swinging Strike
1-1: Foul Ball, location: 2F
1-2: Ball
2-2: Ball
3-2: Foul Ball, location: 2F
3-2: Base on Balls
Batting: RHB Bobby Hinkle 0-0: Called Strike
0-1: Foul Ball, location: 2F
0-2: Strikes out swinging
Top of the 2nd over - 0 run(s), 0 hit(s), 0 error(s), 1 left on base; Kansas State 0 - Louisiana State 0
BOTTOM OF THE 2ND
Louisiana State Tigers batting - Pitching for Kansas State Wildcats : RHP Frank Warren
Batting: LHB Joaquín Ochoa 0-0: Called Strike
0-1: Ball
1-1: SINGLE (Line Drive, 6D)
Batting: RHB Sergio Mata 0-0: Ball
1-0: Foul Ball, location: 2F
1-1: Ball
2-1: Ball
3-1: Called Strike
3-2: Foul Ball, location: 2F
3-2: Foul Ball, location: 2F
3-2: Base on Balls
Joaquín Ochoa to second
Batting: RHB George Arnold 0-0: Fielders Choice at 2nd, 6-4 (Groundball, 56)
Joaquín Ochoa to third
Batting: RHB Juan Carlos Ortega 0-0: Ball
1-0: Foul Ball, location: 2F
1-1: Ball
2-1: Ball
3-1: Foul Ball, location: 2F
3-2: Fielders Choice at 2nd, 1-6 (Groundball, 15)
Batting: RHB Clint Younger 0-0: Ball
1-0: Ball
2-0: Foul Ball, location: 2F
2-1: Foul Ball, location: 2F
2-2: Fly out, F3 (Popup, 3F)
Bottom of the 2nd over - 0 run(s), 1 hit(s), 0 error(s), 2 left on base; Kansas State 0 - Louisiana State 0
TOP OF THE 3RD
Kansas State Wildcats batting - Pitching for Louisiana State Tigers : RHP Alfredo Montalvo
Batting: RHB Kevin Rigsby 0-0: Called Strike
0-1: Foul Ball, location: 2F
0-2: Ball
1-2: Ball
2-2: Strikes out looking
Batting: RHB Andrew Deal 0-0: Ball
1-0: Swinging Strike
1-1: Called Strike
1-2: Ball
2-2: Strikes out swinging
Batting: RHB Bill Jordan 0-0: Swinging Strike
0-1: Ball
1-1: Ball
2-1: Ball
3-1: Base on Balls
Batting: SHB Don Pittman 0-0: Ball
1-0: Ball
2-0: Ball
3-0: Called Strike
3-1: Called Strike
3-2: Base on Balls
Bill Jordan to second
Batting: LHB Tony Smith 0-0: Ground out U3 (Groundball, 3L)
Top of the 3rd over - 0 run(s), 0 hit(s), 0 error(s), 2 left on base; Kansas State 0 - Louisiana State 0
BOTTOM OF THE 3RD
Louisiana State Tigers batting - Pitching for Kansas State Wildcats : RHP Frank Warren
Batting: RHB Ashton Mitchell 0-0: Swinging Strike
0-1: Swinging Strike
0-2: Strikes out looking
Batting: RHB Mike O'Brien 0-0: Called Strike
0-1: Ball
1-1: Ball
2-1: Ball
3-1: Foul Ball, location: 2F
3-2: Base on Balls
Batting: RHB Chris McBride 0-0: Ball
1-0: Ball
2-0: SINGLE (Groundball, 56D) (infield hit)
Mike O'Brien to second
Batting: LHB Steve Sanderson 0-0: Ball
1-0: Ball
2-0: Called Strike
2-1: Called Strike
2-2: Strikes out swinging
Batting: LHB Joaquín Ochoa 0-0: Ball
1-0: Foul Ball, location: 2F
1-1: Foul Ball, location: 2F
1-2: Ball
2-2: Strikes out swinging
Bottom of the 3rd over - 0 run(s), 1 hit(s), 0 error(s), 2 left on base; Kansas State 0 - Louisiana State 0
TOP OF THE 4TH
Kansas State Wildcats batting - Pitching for Louisiana State Tigers : RHP Alfredo Montalvo
Batting: LHB Kyle Harrison 0-0: Called Strike
0-1: Ball
1-1: Swinging Strike
1-2: Ball
2-2: Ball
3-2: Strikes out swinging
Batting: RHB David Hernández 0-0: Ball
1-0: Foul Ball, location: 2F
1-1: Foul Ball, location: 2F
1-2: Ball
2-2: Foul Ball, location: 2F
2-2: Strikes out swinging
Batting: RHB John Wilson 0-0: Ball
1-0: Called Strike
1-1: Called Strike
1-2: Ground out 4-3 (Groundball, 4)
Top of the 4th over - 0 run(s), 0 hit(s), 0 error(s), 0 left on base; Kansas State 0 - Louisiana State 0
BOTTOM OF THE 4TH
Louisiana State Tigers batting - Pitching for Kansas State Wildcats : RHP Frank Warren
Batting: RHB Sergio Mata 0-0: Fly out, F8 (Flyball, 8LM)
Batting: RHB George Arnold 0-0: Foul Ball, location: 2F
0-1: Called Strike
0-2: Ball
1-2: Ground out 5-3 (Groundball, 5L)
Batting: RHB Juan Carlos Ortega 0-0: Called Strike
0-1: Ball
1-1: Fly out, F8 (Flyball, 8RM)
Bottom of the 4th over - 0 run(s), 0 hit(s), 0 error(s), 0 left on base; Kansas State 0 - Louisiana State 0
TOP OF THE 5TH
Kansas State Wildcats batting - Pitching for Louisiana State Tigers : RHP Alfredo Montalvo
Batting: RHB Bobby Hinkle 0-0: Ground out 2-3 (Groundball, 23)
Batting: RHB Kevin Rigsby 0-0: Called Strike
0-1: Ball
1-1: Swinging Strike
1-2: Ball
2-2: Strikes out swinging
Batting: RHB Andrew Deal 0-0: Fly out, F8 (Line Drive, 8RM)
Top of the 5th over - 0 run(s), 0 hit(s), 0 error(s), 0 left on base; Kansas State 0 - Louisiana State 0
BOTTOM OF THE 5TH
Louisiana State Tigers batting - Pitching for Kansas State Wildcats : RHP Frank Warren
Batting: RHB Clint Younger 0-0: Swinging Strike
0-1: Fly out, F9 (Flyball, 89M)
Batting: RHB Ashton Mitchell 0-0: Swinging Strike
0-1: Foul Ball, location: 2F
0-2: Strikes out swinging
Batting: RHB Mike O'Brien 0-0: Foul Ball, location: 2F
0-1: Ball
1-1: Called Strike
1-2: Ball
2-2: Foul Ball, location: 2F
2-2: Ball
3-2: Base on Balls
Pitching: LHP Roberto Estrada
Batting: RHB Chris McBride 0-0: Foul Ball, location: 2F
0-1: Foul Ball, location: 2F
0-2: Ball
1-2: Fly out, F7 (Flyball, 78M)
Bottom of the 5th over - 0 run(s), 0 hit(s), 0 error(s), 1 left on base; Kansas State 0 - Louisiana State 0
TOP OF THE 6TH
Kansas State Wildcats batting - Pitching for Louisiana State Tigers : RHP Alfredo Montalvo
Batting: RHB Bill Jordan 0-0: SINGLE (Line Drive, 89S)
Batting: SHB Don Pittman 0-0: Grounds into double play, 4-6-3 (Groundball, 34)
Batting: LHB Tony Smith 0-0: Ball
1-0: Ball
2-0: Ball
3-0: Called Strike
3-1: Foul Ball, location: 2F
3-2: Base on Balls
Pitching: RHP Allan Brown
Batting: LHB Kyle Harrison 0-0: Foul Ball, location: 2F
0-1: Ball
1-1: Ball
2-1: Swinging Strike
2-2: Foul Ball, location: 2F
2-2: Foul Ball, location: 2F
2-2: Ball
3-2: Foul Ball, location: 2F
3-2: Fly out, F7 (Flyball, 78XD)
Top of the 6th over - 0 run(s), 1 hit(s), 0 error(s), 1 left on base; Kansas State 0 - Louisiana State 0
BOTTOM OF THE 6TH
Louisiana State Tigers batting - Pitching for Kansas State Wildcats : LHP Roberto Estrada
Batting: LHB Steve Sanderson 0-0: Ball
1-0: Called Strike
1-1: Fly out, F7 (Flyball, 7LSF)
Batting: LHB Joaquín Ochoa 0-0: Called Strike
0-1: Ball
1-1: SOLO HOME RUN (Line Drive, 9LD), Distance : 328 ft
Batting: RHB Sergio Mata 0-0: Ball
1-0: SINGLE (Line Drive, 6MD)
Batting: RHB George Arnold 0-0: Foul Ball, location: 2F
0-1: Foul Ball, location: 2F
0-2: Foul Ball, location: 2F
0-2: Fly out, F2 (Popup, 2R)
Batting: RHB Juan Carlos Ortega 0-0: Ball
1-0: Swinging Strike
1-1: Ball
Sergio Mata steals 2nd base
2-1: Ball
3-1: Base on Balls
Batting: RHB Clint Younger 0-0: Foul Ball, location: 2F
0-1: 3-RUN HOME RUN (Line Drive, 7D), Distance : 351 ft
Batting: RHB Ashton Mitchell 0-0: Swinging Strike
0-1: Ball
1-1: Ball
2-1: Called Strike
2-2: Strikes out looking
Bottom of the 6th over - 4 run(s), 3 hit(s), 0 error(s), 0 left on base; Kansas State 0 - Louisiana State 4
TOP OF THE 7TH
Kansas State Wildcats batting - Pitching for Louisiana State Tigers : RHP Allan Brown
Batting: RHB David Hernández 0-0: Ball
1-0: Ball
2-0: Called Strike
2-1: Ball
3-1: Base on Balls
Batting: RHB John Wilson 0-0: Ball
1-0: Foul Ball, location: 2F
1-1: Ball
2-1: Ball
3-1: Base on Balls
David Hernández to second
Batting: RHB Bobby Hinkle 0-0: Swinging Strike
0-1: Ball
1-1: Ball
2-1: Called Strike
2-2: Ball
3-2: Base on Balls
David Hernández to third
John Wilson to second
Batting: RHB Kevin Rigsby 0-0: Called Strike
0-1: Ball
1-1: Swinging Strike
1-2: Ball
2-2: Ball
3-2: Base on Balls
David Hernández scores
John Wilson to third
Bobby Hinkle to second
Pinch Hitting: RHB Hamilton Joyner 0-0: Fly out, F8 (Flyball, 78M)
Runner from 3rd tags up, SCORES, throw made
Batting: RHB Bill Jordan 0-0: Called Strike
0-1: Ball
1-1: Foul Ball, location: 2F
1-2: Ball
2-2: Strikes out swinging
Batting: SHB Don Pittman 0-0: Called Strike
0-1: Ball
1-1: Ground out 1-3 (Groundball, 15)
Top of the 7th over - 2 run(s), 0 hit(s), 0 error(s), 2 left on base; Kansas State 2 - Louisiana State 4
BOTTOM OF THE 7TH
Louisiana State Tigers batting - Pitching for Kansas State Wildcats : LHP Roberto Estrada
Pitching: RHP T.J. García
Now in CF: Juan Cuervo
Batting: RHB Mike O'Brien 0-0: Called Strike
0-1: Ball
1-1: SINGLE (Groundball, 56)
Batting: RHB Chris McBride 0-0: Foul Ball, location: 2F
0-1: SINGLE (Line Drive, 6D)
Mike O'Brien to second
Batting: LHB Steve Sanderson 0-0: Swinging Strike
0-1: Ball
1-1: Foul Ball, location: 2F
1-2: Strikes out looking
Batting: LHB Joaquín Ochoa 0-0: Ball
1-0: Swinging Strike
1-1: Foul Ball, location: 2F
1-2: Ball
2-2: Ball
3-2: Base on Balls
Mike O'Brien to third
Chris McBride to second
Pinch Hitting: RHB Gary Sullivan 0-0: Foul Ball, location: 2F
0-1: Ball
1-1: Swinging Strike
1-2: Ball
2-2: Foul Ball, location: 2F
2-2: Ball
3-2: Base on Balls
Mike O'Brien scores
Chris McBride to third
Joaquín Ochoa to second
Batting: RHB George Arnold 0-0: Ball
1-0: Called Strike
1-1: Fly out, F6 (Popup, 6)
Pinch Hitting: RHB Jesús Sandoval 0-0: Foul Ball, location: 2F
0-1: SINGLE (Groundball, 34D)
Chris McBride scores
Joaquín Ochoa to third
Gary Sullivan to second
Runner from 3rd tries for Home, SAFE, no throw or cutoff
Pitching: RHP Juan Chávez
Batting: RHB Clint Younger 0-0: Fly out, F7 (Flyball, 78M)
Bottom of the 7th over - 3 run(s), 3 hit(s), 0 error(s), 2 left on base; Kansas State 2 - Louisiana State 7
TOP OF THE 8TH
Kansas State Wildcats batting - Pitching for Louisiana State Tigers : RHP Allan Brown
Now at SS: Johnny Smith
Now in RF: Jesús Sandoval
Batting: LHB Tony Smith 0-0: Ball
1-0: Ball
2-0: SOLO HOME RUN (Flyball, 89XD), Distance : 383 ft
Pitching: RHP Emerson Catterall
Batting: LHB Kyle Harrison 0-0: Ball
1-0: Called Strike
1-1: Swinging Strike
1-2: Ball
2-2: Fly out, F8 (Flyball, 8LM)
Batting: RHB David Hernández 0-0: Fly out, F9 (Flyball, 89S)
Batting: RHB John Wilson 0-0: Called Strike
0-1: Foul Ball, location: 2F
0-2: Foul Ball, location: 2F
0-2: Hit by Pitch
Batting: RHB Bobby Hinkle 0-0: Ball
1-0: Called Strike
1-1: SINGLE (Line Drive, 9LM)
John Wilson to second
Runner from 2nd tries for 3rd, SAFE, no throw or cutoff
Pitching: RHP Paul Clark
Batting: RHB Kevin Rigsby 0-0: Called Strike
0-1: Ball
1-1: Swinging Strike
1-2: Ball
2-2: Ball
3-2: Strikes out swinging
Top of the 8th over - 1 run(s), 2 hit(s), 0 error(s), 2 left on base; Kansas State 3 - Louisiana State 7
BOTTOM OF THE 8TH
Louisiana State Tigers batting - Pitching for Kansas State Wildcats : RHP Juan Chávez
Batting: RHB Ashton Mitchell 0-0: Called Strike
0-1: Ball
1-1: SINGLE (Line Drive, 5D)
Batting: RHB Mike O'Brien 0-0: Ball
1-0: Foul Ball, location: 2F
1-1: Swinging Strike
1-2: Strikes out swinging
Batting: RHB Chris McBride 0-0: Fly out, F8 (Flyball, 8LM)
Batting: LHB Steve Sanderson 0-0: Ball
1-0: Ball
2-0: Called Strike
2-1: Ball
3-1: Base on Balls
Ashton Mitchell to second
Batting: LHB Joaquín Ochoa 0-0: Foul Ball, location: 2F
0-1: Swinging Strike
0-2: Strikes out swinging
Bottom of the 8th over - 0 run(s), 1 hit(s), 0 error(s), 2 left on base; Kansas State 3 - Louisiana State 7
TOP OF THE 9TH
Kansas State Wildcats batting - Pitching for Louisiana State Tigers : RHP Paul Clark
Batting: LHB Juan Cuervo 0-0: Called Strike
0-1: Ball
1-1: Called Strike
1-2: Strikes out swinging
Batting: RHB Bill Jordan 0-0: Called Strike
0-1: Called Strike
0-2: Foul Ball, location: 2F
0-2: Foul Ball, location: 2F
0-2: Ball
1-2: Ball
2-2: Reached on error, E4 (Groundball, 6MS)
Batting: SHB Don Pittman 0-0: Ball
1-0: Ball
2-0: Swinging Strike
2-1: Ground out 4-3 (Groundball, 4)
Bill Jordan to third
Batting: LHB Tony Smith 0-0: SINGLE (Groundball, 4MD) (infield hit)
Bill Jordan scores
Pitching: LHP Jacob Jackson
Batting: LHB Kyle Harrison 0-0: Ball
1-0: Ball
2-0: Ground out 4-3 (Groundball, 4)
Top of the 9th over - 1 run(s), 1 hit(s), 1 error(s), 1 left on base; Kansas State 4 - Louisiana State 7
This league is powered by Out of the Park Baseball, the baseball management simulation game for PC, Mac and Linux
Wednesday, December 2nd, 2015 - OOTP Baseball 16.8 Build 38